 Dungeon Crawl Stone Soup version 0.29-a0-1027-gcd8c55af63 (webtiles) character file.

Game seed: 12670276620278553823

3812 gelatine the Slasher (level 9, -14/66 HPs)
             Began as a Demonspawn Gladiator on Aug 12, 2022.
             Was an Initiate of Vehumet.
             Killed from afar by an orc sorcerer (44 damage)
             ... with a bolt of fire
             ... in a bailey on Aug 13, 2022.
             The game lasted 00:35:50 (9282 turns).

gelatine the Slasher (Demonspawn Gladiator)         Turns: 9282, Time: 00:35:50

Health: -14/66     AC:  6    Str: 18    XL:     9   Next: 96%
Magic:  4/17       EV: 17    Int: 11    God:    Vehumet [......]
Gold:   427        SH:  5    Dex: 14    Spells: 10/19 levels left

rFire   . . .      SeeInvis .   O - +7 falchion
rCold   . . .      Faith    .   (no shield)
rNeg    . . .      Spirit   .   t - +2 robe {Will+}
rPois   .          Reflect  +   (helmet restricted)
rElec   .          Harm     .   (no cloak)
rCorr   .          Rampage  .   (no gloves)
Will    +....                   N - +0 pair of boots
Stlth   ++........              B - amulet of reflection
HPRegen 0.21/turn               g - ring of wizardry
MPRegen 0.15/turn               J - +4 ring of evasion

@: no status effects
A: antennae 2, rugged brown scales 1, spiny 2
a: Renounce Religion


You were in a bailey.
You worshipped Vehumet.
Vehumet was noncommittal.
You visited 2 branches of the dungeon, and saw 9 of its levels.
You also visited: Bailey.

You collected 427 gold pieces.

Inventory:

Hand Weapons
 m - a +2 vorpal long sword
 O - a +7 falchion (weapon)
 P - a +2 hand axe of flaming
Missiles
 d - a throwing net
 e - a javelin
 f - 4 atropa-tipped darts
 s - 21 poisoned darts
 M - a curare-tipped dart
Armour
 b - a +1 leather armour
 t - a +2 robe of willpower (worn)
 N - a +0 pair of boots (worn)
Magical Staves
 p - a staff of fire
Jewellery
 c - a ring of fire
 g - a ring of wizardry (left hand)
 h - a ring of resist corrosion
 B - an amulet of reflection (around neck)
 E - a +6 ring of dexterity
 J - a +4 ring of evasion (right hand)
 K - a +6 ring of intelligence
Wands
 l - a wand of iceblast (11)
 H - a wand of charming (7)
Scrolls
 i - 3 scrolls of immolation
 k - 3 scrolls of teleportation
 q - 2 scrolls of summoning
 v - 2 scrolls of vulnerability {unknown}
 y - 2 scrolls of brand weapon {unknown}
 z - a scroll of fog {unknown}
 D - a scroll of blinking {unknown}
 G - 2 scrolls of noise {unknown}
 L - a scroll of poison {unknown}
Potions
 a - a potion of mutation {unknown}
 n - 2 potions of brilliance
 r - 2 potions of might {unknown}
 u - 4 potions of lignification {unknown}
 w - 6 potions of flight
 x - a potion of haste
 A - 5 potions of attraction {unknown}
 C - 3 potions of curing {unknown}
 F - 2 potions of degeneration {unknown}
 I - a potion of berserk rage {unknown}


   Skills:
 + Level 4.1 Fighting
 + Level 5.7 Long Blades
 + Level 3.3 Axes
 + Level 1.8 Throwing
 + Level 3.2 Armour
 + Level 4.6 Dodging
 + Level 2.3 Stealth
 + Level 2.6 Shields
 + Level 5.6 Spellcasting
 + Level 0.4 Translocations
 + Level 4.0 Transmutations
 + Level 1.8 Air Magic
 + Level 4.9 Poison Magic


You had 10 spell levels left.
You knew the following spells:

 Your Spells              Type           Power      Damage    Failure   Level
a - Sting                 Tmut/Pois      52%        1d5       1%          1
b - Poisonous Vapours     Pois/Air       20%        N/A       3%          2
c - Blink                 Tloc           8%         N/A       11%         2
d - Olgreb's Toxic Radia  Pois           14%        N/A       11%         4

Your spell library contained the following spells:

 Spells                   Type           Power      Damage    Failure   Level
 Slow                     Hex            12%        N/A       9%          1
 Lesser Beckoning         Tloc           4%         N/A       21%         3
 Portal Projectile        Hex/Tloc       6%         N/A       22%         3
 Confusing Touch          Hex            3%         N/A       24%         3
 Ozocubu's Armour         Ice            3%         N/A       24%         3
 Tukima's Dance           Hex            3%         N/A       24%         3
 Vampiric Draining        Necr           3%         2d6       24%         3
 Blade Hands              Tmut           6%         N/A       38%         5
 Animate Armour           Summ/Erth      6%         N/A       58%         4
 Manifold Assault         Tloc           4%         N/A       86%         5
 Metabolic Englaciation   Hex/Ice        1%         N/A       89%         5
 Iron Shot                Conj/Erth      1%         9d1       100%        6
 Simulacrum               Ice/Necr       1%         N/A       100%        6


Dungeon Overview and Level Annotations

Branches:
Dungeon (8/15)             Temple (1/1) D:7          Bailey (1/1)
   Lair: D:8-11

Altars:
Ashenzari
Cheibriados
Dithmenos
Gozag
Hepliaklqana
Kikubaaqudgha
Makhleb
Nemelex Xobeh
Okawaru
Qazlal
Ru
Sif Muna
Trog
Uskayaw
Vehumet
Wu Jian
Xom
Yredelemnul


Innate Abilities, Weirdness & Mutations

You have a pair of antennae on your head.
You are partially covered in rugged brown scales. (AC +1, +3% HP)
You are mostly covered in sharp spines.


Message History

You block the sixfirhy's attack. The sixfirhy attacks as you move away!
The sixfirhy barely misses you. The sixfirhy hits you! The sixfirhy shocks you!
The sixfirhy is struck by your spines.
The sixfirhy hits you but does no damage.
The sixfirhy is struck by your spines.
The sixfirhy hits you but does no damage.
The sixfirhy attacks as you move away! You block the sixfirhy's attack.
The sixfirhy hits you but does no damage.
You hit the sixfirhy.
The sixfirhy is moderately wounded.
You slash the sixfirhy!
The sixfirhy is heavily wounded.
The sixfirhy is struck by your spines. The sixfirhy hits you!
The sixfirhy shocks you!
You barely miss the sixfirhy.
The sixfirhy is severely wounded.
The sixfirhy is struck by your spines. The sixfirhy closely misses you.
The sixfirhy hits you but does no damage.
The sixfirhy is struck by your spines. The sixfirhy hits you!
* * * LOW HITPOINT WARNING * * *
The sixfirhy shocks you!
* * * LOW HITPOINT WARNING * * *
The sixfirhy is struck by your spines.
You kill the sixfirhy!
The sixfirhy disappears in a puff of smoke!
You feel much better. The orc warrior misses you.
Unknown command.
You slash the orc warrior!
The orc warrior is almost dead.
The orc warrior closely misses you.
You hit the orc warrior.
The orc warrior is almost dead.
The orc warrior is struck by your spines.
You kill the orc warrior!
Vehumet accepts your kill. The orc sorcerer casts a spell at you.
The bolt of fire hits you!!!
Ouch! That really hurt!
You die...

≈≈≈≈≈≈~.#.8# .........#
≈≈≈≈≈≈~.#).# .._....
≈≈≈≈≈≈~.##)# ..3.
≈≈≈≈≈≈~.#..# ##'##
≈≈≈≈≈≈~.#..# #...#
≈≈≈≈≈≈~.#..# #.).#
≈≈≈≈≈≈~.#).# #8o8#
≈≈≈≈≈≈÷.#..# #...#
≈≈≈≈≈≈#'#@##+###8.8#
≈≈≈≈≈≈#....#[[.#...#
≈≈≈≈≈≈#..o.#[[.#...# ?#
≈≈≈≈≈≈###..######.######.
≈≈≈≈≈ #.'..o.....∩.......
≈≈≈≈ ######~~~~~~~~~~~##
≈≈≈≈≈≈≈≈≈≈≈≈≈≈≈≈≈
≈≈≈≈≈≈≈≈≈≈≈≈≈≈≈≈≈≈
≈≈≈≈≈≈≈≈≈≈≈≈≈≈≈≈≈≈≈


You could see an orc sorcerer and an orc warrior.

Vanquished Creatures
  An orc high priest (Bailey)
  A wyvern (D:8)
  Menkaure (D:7)
  A water moccasin (D:5)
  4 ice beasts
  3 orc warriors (Bailey)
  4 black bears
  2 centaurs (D:5)
  2 ogres (D:5)
  2 kobold brigands
  4 bullfrogs
  5 necrophages
  A scorpion (D:7)
  3 wights (D:8)
  A howler monkey (D:7)
  2 electric eels (Bailey)
  3 jellies
  A gnoll bouda (D:7)
  2 hounds
  Jessica (D:2)
  3 iguanas
  An orc wizard (D:2)
  4 gnolls
  8 adders
  A white imp (D:7)
  2 ufetubi
  3 worms
  10 orcs
  10 ball pythons
  An endoplasm (D:2)
  2 giant cockroaches
  8 hobgoblins
  17 kobolds
  4 quokkas
  3 bats
  A frilled lizard (D:1)
  8 goblins
  11 rats
141 creatures vanquished.

Notes
Turn   | Place    | Note
-------+----------+-------------------------------------------
     0 | D:1      | gelatine the Demonspawn Gladiator began the quest for the
                  | Orb.
     0 | D:1      | Reached XP level 1. HP: 16/16 MP: 1/1
   567 | D:1      | Gained mutation: You have a pair of small antennae on your
                  | head. [demonic ancestry]
   567 | D:1      | Reached XP level 2. HP: 22/22 MP: 2/2
  1608 | D:2      | Reached skill level 1 in Armour
  1740 | D:2      | Noticed Jessica
  1752 | D:2      | Killed Jessica
  1753 | D:2      | Reached XP level 3. HP: 26/27 MP: 3/3
  2360 | D:2      | Gained mutation: You are partially covered in sharp spines.
                  | [demonic ancestry]
  2360 | D:2      | Reached XP level 4. HP: 34/34 MP: 4/4
  2494 | D:3      | Learned a level 1 spell: Sting
  3044 | D:3      | Reached skill level 1 in Long Blades
  3222 | D:4      | Noticed a necrophage
  3225 | D:4      | Gained mutation: You are partially covered in rugged brown
                  | scales. (AC +1, +3% HP) [demonic ancestry]
  3225 | D:4      | Reached XP level 5. HP: 32/40 MP: 5/5
  3227 | D:4      | Noticed a black bear
  3241 | D:4      | Killed a black bear
  3242 | D:4      | Reached skill level 1 in Stealth
  3242 | D:4      | Reached skill level 1 in Spellcasting
  3242 | D:4      | Reached XP level 6. HP: 17/47 MP: 5/7
  3570 | D:4      | Reached skill level 1 in Poison Magic
  3815 | D:4      | Gained mutation: You have a pair of antennae on your head.
                  | [demonic ancestry]
  3815 | D:4      | Reached XP level 7. HP: 53/53 MP: 8/8
  3932 | D:4      | Reached skill level 1 in Transmutations
  4337 | D:4      | Found a sacrificial altar of Ru.
  4357 | D:5      | Entered Level 5 of the Dungeon
  4794 | D:5      | Reached XP level 8. HP: 44/59 MP: 10/12
  5115 | D:5      | Reached skill level 1 in Shields
  6189 | D:6      | Found a bloodstained altar of Trog.
  6196 | D:6      | Identified the +4 dagger "Ylinkos" {freeze, Fragile +Blink
                  | rElec Str-2}
  7065 | D:7      | Learned a level 2 spell: Poisonous Vapours
  7078 | D:7      | Gained mutation: You are mostly covered in sharp spines.
                  | [demonic ancestry]
  7078 | D:7      | Reached XP level 9. HP: 59/65 MP: 2/15
  7174 | D:7      | Found a staircase to the Ecumenical Temple.
  7218 | D:7      | Reached skill level 5 in Long Blades
  7218 | D:7      | Reached skill level 1 in Air Magic
  7314 | D:7      | Noticed Menkaure
  7322 | D:7      | Killed Menkaure
  8048 | Temple   | Entered the Ecumenical Temple
  8238 | Temple   | Learned a level 2 spell: Blink
  8394 | Temple   | Became a worshipper of Vehumet
  8453 | D:8      | Reached skill level 5 in Spellcasting
  8659 | D:8      | Found a flagged portal.
  8671 | Bailey   | Entered a bailey
  8885 | Bailey   | Noticed an orc high priest
  8891 | Bailey   | Noticed a sun demon
  8891 | Bailey   | Noticed an orange demon
  8892 | Bailey   | Noticed a hellwing
  8892 | Bailey   | Noticed a red devil
  8896 | Bailey   | Killed an orc high priest
  9018 | Bailey   | Learned a level 4 spell: Olgreb's Toxic Radiance
  9254 | Bailey   | Found an iron altar of Okawaru.
  9254 | Bailey   | Noticed an orc sorcerer
  9260 | Bailey   | Noticed a sun demon
  9262 | Bailey   | Noticed a sixfirhy
  9282 | Bailey   | Killed from afar by an orc sorcerer

Illustrated notes

Levels and vault maps discovered:
D:1:      heliophobic_arrival_dark_side_of_the_moon, layout_basic,
          dk_noncrumbling_2, chequers_serial_rivers_micro_a
D:2:      layout_basic, bh_walls_and_bars, uniq_jessica
D:3:      layout_rooms
D:4:      layout_loops_ring, nicolae_overflow_hidden_temple,
          minmay_fractal_squares_diagonal_5
D:5:      wander_river, layout_basic, kennysheep_mini_moat, kennysheep_diamond,
          kennysheep_generic_room_8
D:6:      layout_basic, bloody_trog, eino_tiny_chamber
D:7:      layout_loops_ring, temple_pool_b, uniq_menkaure
D:8:      layout_basic, dpeg_oklobed_lair, enter_bailey_2,
          corexii_leaking_fountain, minmay_crystal_room, uniq_maggie
Temple:   hc_temple_tempest_star
Bailey:   bailey_axe_of_yendor_kennysheep, bailey

Skill      XL: |  1  2  3  4  5  6  7  8  9 |
---------------+----------------------------+-----
Axes           | 3 |  3.3
Armour         | 1 2 3 |  3.2
Dodging        | 3 4 |  4.6
Long Blades    | 1 2 3 4 5 |  5.7
Stealth        | 1 2 |  2.3
Spellcasting   | 1 2 4 5 |  5.6
Fighting       | 3 4 |  4.1
Poison Magic   | 1 2 3 4 |  4.9
Transmutations | 2 3 4 |  4.0
Shields        | 2 |  2.6
Air Magic      | 1 |  1.8
Throwing       | |  1.8
Translocations | |  0.4

Action                   |  1- 3 |  4- 6 |  7- 9 || total
-------------------------+-------+-------+-------++-------
Melee: War axe           |    61 |       |       ||    61
       Long sword        |    30 |    61 |   120 ||   211
       Punch             |     1 |     1 |     2 ||     4
       Falchion          |       |       |    47 ||    47
Throw: Throwing net      |     2 |       |       ||     2
       Dart              |       |       |     1 ||     1
 Cast: Sting             |       |    12 |    96 ||   108
       Poisonous Vapours |       |       |    28 ||    28
       Blink             |       |       |     1 ||     1
  Use: Scroll            |       |     6 |     6 ||    12
       Potion            |       |       |     2 ||     2
 Stab: Sleeping          |     1 |     3 |       ||     4
Armor: Leather armour    |    21 |    20 |    12 ||    53
       Robe              |       |       |     8 ||     8
Dodge: Dodged            |    61 |    41 |   131 ||   233
Block: Other             |       |    11 |    58 ||    69
       Reflection        |       |       |     5 ||     5

Table legend: (Time is in decaauts)
 A = Elapsed time spent in this place.
 B = Non-inter-level travel time spent in this place.
 C = Inter-level travel time spent in this place.
 D = Time resting spent in this place.
 E = Time spent auto-exploring this place.
 F = Levels seen in this place.
 G = Mean time per level.
                   A        B        C        D        E       F      G
               +--------+--------+--------+--------+--------+-----+--------+
         Total |   9362 |   9005 |    357 |   1525 |   5776 |  10 |  936.2 |
       Dungeon |   8395 |   8184 |    211 |   1162 |   5602 |   8 | 1049.4 |
        Temple |    355 |    209 |    146 |      0 |    174 |   1 |  355.0 |
        Bailey |    610 |    610 |      0 |    363 |      0 |   1 |  610.0 |
               +--------+--------+--------+--------+--------+-----+--------+

Top non-repeatable levels by time:
     D:5: 1634 daAuts
     D:1: 1536 daAuts
     D:2: 1204 daAuts
     D:4: 1156 daAuts
     D:6: 1087 daAuts
     D:7: 1012 daAuts
  Bailey: 610 daAuts
     D:3: 510 daAuts
  Temple: 355 daAuts
     D:8: 252 daAuts
